Map: Blueshift LE

Players

HiveMind

  • Race: Zerg Zerg
  • League: Diamond
  • Spawn Location: 1:00

PeeKaBoO - Winner!

  • Race: Zerg Zerg
  • League: Diamond
  • Spawn Location: 7:00

VOD

Have the link to the VOD?

Description

Time

  • Played on: Jan. 5, 2019, 11:01 p.m.
  • Length: 13:44
Show
View Real Time Build Order
Export as new Build Order

HiveMind Zerg 

Build Orders: Pool First 

Get SALT Encoding   

  12  0:00  Drone  
  13  0:15  Extractor  
  12  0:25  Spawning Pool  
  12  0:28  Drone  
  12  0:32  Drone  
  13  0:37  Drone  
  14  0:49  Overlord  
  14  1:12  Zergling x6  
  14  1:17  Metabolic Boost  
  17  1:23  Zergling x2  
  18  1:45  Hatchery  
  17  1:48  Drone  
  18  1:55  Drone  
  18  1:56  Drone  
  20  2:06  Zergling x2  
  21  2:17  Extractor, Queen  
  21  2:19  Overlord  
  19  2:39  Zergling x2  
  19  2:40  Zergling x2  
  20  2:57  Queen  
  22  2:59  Drone x2  
  22  3:03  Roach Warren  
  23  3:06  Zergling x2  
  23  3:10  Zergling x4  
  26  3:21  Extractor  
  26  3:23  Drone  
  26  3:24  Drone  
  27  3:31  Drone  
  27  3:32  Drone x3  
  31  3:43  Overlord  
  31  3:47  Zergling x2  
  32  3:51  Roach x2  
  33  4:03  Zergling x2, Roach  
  33  4:05  Roach  
  36  4:16  Drone  
  36  4:17  Drone x2  
  39  4:22  Overlord  
  39  4:26  Roach  
  41  4:36  Overlord x2  
  41  4:46  Drone x3  
  41  4:49  Overlord  
  43  5:01  Roach x3  
  48  5:17  Zergling x2  
  48  5:18  Zergling x14  
  52  5:26  Roach x2  
  56  5:33  Lair  
  56  5:46  Roach x3  
  56  5:51  Drone x2  
  58  5:58  Drone x4  
  62  6:16  Extractor, Drone x3  
  62  6:17  Hatchery  
  63  6:19  Drone  
  63  6:20  Drone  
  65  6:27  Evolution Chamber  
  65  6:31  Glial Reconstitution  
  62  6:34  Roach x2  
  66  6:54  Zerg Missile Weapons Level 1  
  66  6:55  Overlord x4  
  66  7:04  Drone  
  67  7:16  Roach x6  
  67  7:17  Roach  
  81  7:23  Roach x3  
  87  7:34  Queen  
  87  7:36  Overlord x2  
  89  7:43  Drone  
  89  7:44  Drone x2  
  92  7:54  Infestation Pit, Roach x3  
  97  8:08  Roach x4  
  97  8:09  Roach  
  97  8:11  Overlord  
  99  8:32  Nydus Network  
  98  8:36  Extractor, Zergling x20  
  107  8:58  Drone x3  
  107  9:00  Drone x7  
  107  9:01  Drone  
  118  9:06  Infestor  
  118  9:07  Infestor  
  108  9:35  Roach x4  
  108  9:36  Roach x7  
  118  9:39  Extractor  
  118  9:42  Extractor  
  118  9:44  Roach  
  118  9:45  Roach x2  
  112  9:59  Zergling x2  
  101  10:00  Zergling x14  
  92  10:19  Zergling x2  
  92  10:20  Zergling x12  
  90  10:25  Roach  
  75  10:32  Roach  
  75  10:33  Roach  
  58  10:42  Roach x4  
  44  10:54  Queen  
  46  11:03  Drone x4  
  50  11:23  Spire  
  49  11:27  Drone  
  49  11:30  Drone x2  
  52  11:46  Ravager  
  53  11:48  Overseer  
  53  12:04  Drone x4  
  57  12:14  Hatchery  
  56  12:27  Roach x6  
  56  12:28  Roach  
  71  12:40  Mutalisk  
  71  12:41  Mutalisk x4  
  81  12:46  Zergling x2  
  81  12:47  Zergling x4  
  84  12:54  Zergling x2  
  84  12:55  Zergling x4  
  79  13:08  Roach  
  79  13:09  Roach x4  
  70  13:24  Roach  
Show
View Real Time Build Order
Export as new Build Order

PeeKaBoO Zerg - Winner!

Build Orders: Hatch First 

Get SALT Encoding   

  12  0:01  Drone  
  13  0:12  Overlord  
  13  0:16  Drone  
  14  0:31  Drone x2  
  16  0:50  Hatchery  
  16  0:52  Drone  
  16  0:56  Drone  
  17  0:59  Drone  
  18  1:10  Extractor  
  17  1:16  Spawning Pool  
  17  1:18  Drone  
  17  1:20  Drone  
  18  1:28  Drone  
  19  1:38  Overlord  
  19  2:03  Queen x2  
  19  2:04  Zergling x2  
  19  2:05  Zergling x4  
  26  2:12  Zergling x2  
  26  2:13  Zergling x2  
  28  2:28  Zergling x4  
  30  2:45  Queen  
  30  2:50  Metabolic Boost  
  32  2:55  Overlord  
  32  2:56  Overlord  
  32  2:57  Overlord  
  32  3:14  Hatchery  
  32  3:18  Drone  
  32  3:41  Drone  
  33  3:43  Drone x4  
  37  3:54  Drone  
  31  4:30  Drone x3  
  34  4:37  Evolution Chamber  
  33  4:42  Roach Warren  
  33  4:44  Drone  
  33  4:47  Zergling x6  
  35  5:10  Zergling x2  
  35  5:11  Zergling x12  
  41  5:18  Zerg Missile Weapons Level 1  
  39  5:21  Roach  
  41  5:32  Roach x3  
  47  5:49  Roach x2  
  50  5:53  Roach x2  
  54  5:58  Drone  
  54  6:01  Drone  
  54  6:02  Extractor, Drone  
  56  6:06  Drone x2  
  56  6:08  Lair  
  58  6:13  Drone  
  58  6:16  Extractor  
  58  6:17  Roach  
  59  6:39  Overlord x3  
  59  6:48  Overlord  
  59  6:58  Drone x3  
  59  6:59  Drone  
  59  7:00  Drone  
  64  7:14  Hatchery  
  63  7:23  Glial Reconstitution  
  63  7:25  Drone x2  
  63  7:26  Drone x5  
  70  7:33  Roach x2  
  70  7:34  Zerg Missile Weapons Level 2  
  74  7:45  Overseer  
  74  7:49  Roach  
  74  7:50  Roach x5  
  86  8:02  Roach x2  
  90  8:08  Roach  
  92  8:16  Overlord x3  
  90  8:24  Zergling x2  
  90  8:25  Zergling x6  
  90  8:26  Queen  
  91  8:28  Roach x2  
  91  8:30  Overlord  
  97  8:51  Drone  
  97  8:53  Drone x3  
  97  8:55  Extractor  
  100  9:00  Roach  
  100  9:01  Roach x6  
  100  9:02  Overlord  
  111  9:20  Drone x2  
  108  9:32  Overseer  
  108  9:37  Roach  
  108  9:38  Roach x5  
  120  9:46  Hatchery  
  111  10:20  Roach x5  
  111  10:21  Roach  
  115  10:23  Roach  
  86  10:36  Drone  
  86  10:37  Drone x3  
  86  10:39  Overseer, Ravager  
  72  10:56  Roach x6  
  82  11:02  Drone  
  83  11:08  Hydralisk Den, Zerg Ground Armor Level 1  
  82  11:16  Evolution Chamber  
  81  11:22  Roach x2  
  81  11:24  Roach x2  
  90  11:25  Drone x2  
  90  11:26  Drone  
  90  11:27  Roach  
  94  11:34  Roach x5  
  94  11:37  Hydralisk x2  
  94  11:38  Hydralisk x2  
  112  11:41  Muscular Augments  
  112  11:43  Zerg Melee Weapons Level 1  
  112  11:51  Hydralisk x4  
  120  11:54  Ravager  
  121  12:08  Drone x2  
  123  12:13  Drone x4  
  123  12:14  Drone x2  
  129  12:15  Extractor  
  129  12:16  Drone x3  
  129  12:17  Extractor, Drone x2  
  132  12:33  Zergling x2  
  132  12:34  Zergling x2  
  134  12:40  Pneumatized Carapace  
  132  13:17  Hydralisk x3  
Tags
 
Add a new tag
Caveats
  • Supply blocks, unpowered buildings, or Contaminate may cause inaccurate times.
  • Supply counts are checked every 10 seconds.